Map: King's Cove LE

Players

Harstem - Winner!

  • Race: Protoss Protoss
  • League: Grandmaster
  • Spawn Location: 5:00

Starbuck

  • Race: Zerg Zerg
  • Spawn Location: 11:00

Event: 2019 WCS Winter Europe

VOD

Have the link to the VOD?

Description

Time

  • Played on: Feb. 2, 2019, 11:54 a.m.
  • Length: 19:02

All games in this series

Show
View Real Time Build Order
Export as new Build Order

Harstem Protoss - Winner!

Build Orders: 1 Gate Expand, Oracle Opening, Carriers, Colossus Rush 

Get SALT Encoding   

  12  0:00  Probe  
  13  0:13  Probe  
  14  0:19  Pylon  
  14  0:24  Probe  
  15  0:33  Probe  
  15  0:38  Gateway  
  15  0:41  Probe  
  16  0:49  Assimilator  
  17  0:52  Probe  
  18  1:04  Probe  
  19  1:16  Probe  
  20  1:25  Nexus  
  20  1:35  Cybernetics Core  
  20  1:38  Probe  
  21  1:44  Assimilator  
  21  1:50  Probe  
  21  1:53  Pylon  
  22  2:02  Probe, Adept  
  23  2:15  Probe  
  26  2:22  Stargate  
  26  2:27  Probe  
  27  2:32  Adept  
  27  2:33  Probe  
  27  2:36  Warp Gate  
  29  2:38  Probe  
  29  2:41  Probe  
  31  2:46  Probe  
  33  2:53  Probe  
  33  2:54  Gateway  
  33  2:56  Probe  
  33  2:57  Oracle  
  35  3:10  Probe  
  39  3:16  Probe  
  39  3:22  Probe  
  39  3:26  Oracle  
  40  3:28  Probe, Pylon  
  44  3:34  Probe  
  44  3:40  Probe  
  46  3:41  Gateway  
  46  3:46  Probe, Pylon  
  47  3:50  Stalker  
  47  3:52  Probe  
  50  3:57  Assimilator  
  50  3:58  Probe  
  51  4:02  Pylon  
  51  4:12  Probe  
  51  4:13  Probe  
  53  4:20  Robotics Facility  
  53  4:23  Assimilator  
  53  4:24  Probe  
  54  4:25  Probe  
  54  4:31  Zealot  
  57  4:36  Probe  
  57  4:37  Probe  
  59  4:45  Pylon  
  59  4:48  Probe  
  59  4:49  Probe  
  59  4:52  Sentry  
  63  4:54  Pylon  
  63  4:56  Forge  
  63  4:59  Nexus  
  63  5:00  Pylon  
  63  5:04  Observer  
  63  5:09  Robotics Bay  
  64  5:19  Zealot, Immortal  
  70  5:29  Stalker, Zealot  
  74  5:41  Probe  
  74  5:42  Probe  
  76  5:43  Pylon  
  76  5:44  Colossus  
  76  5:53  Probe  
  76  5:54  Probe  
  78  5:57  Protoss Ground Weapons Level 1  
  78  6:03  Extended Thermal Lance  
  84  6:06  Probe x2  
  84  6:11  Probe  
  87  6:18  Probe  
  86  6:19  Zealot x2, Probe  
  86  6:21  Colossus, Pylon  
  86  6:23  Probe  
  92  6:30  Probe  
  92  6:31  Probe  
  94  6:35  Probe  
  94  6:36  Shield Battery  
  101  6:40  Zealot, Twilight Council  
  101  6:42  Probe  
  101  6:46  Probe  
  105  6:49  Probe  
  106  6:54  Probe  
  106  6:58  Probe  
  106  7:00  Zealot x2  
  112  7:01  Probe  
  112  7:03  Colossus  
  112  7:06  Probe  
  112  7:07  Assimilator  
  114  7:10  Pylon  
  120  7:15  Probe  
  120  7:16  Probe  
  120  7:19  Assimilator, Gateway  
  120  7:20  Gateway  
  122  7:23  Gateway  
  122  7:27  Charge  
  122  7:31  Templar Archives  
  122  7:36  Photon Cannon  
  122  7:39  Probe  
  122  7:40  Zealot x3  
  127  7:47  Gateway  
  127  7:48  Gateway  
  127  7:54  Phoenix  
  124  8:00  Stalker  
  124  8:03  Protoss Ground Weapons Level 2  
  124  8:04  Probe  
  129  8:12  Stalker  
  131  8:13  Probe  
  131  8:19  Probe  
  133  8:21  Psionic Storm  
  133  8:25  Pylon  
  133  8:27  Pylon  
  133  8:29  Photon Cannon, Pylon  
  133  8:32  Pylon  
  133  8:33  Nexus  
  133  8:37  Immortal  
  133  8:42  Pylon  
  133  8:44  High Templar x2  
  133  8:46  Pylon  
  133  8:47  High Templar x2  
  133  8:48  Probe, Pylon  
  145  8:49  Probe  
  147  8:58  Phoenix  
  147  8:59  Probe  
  147  9:00  Photon Cannon  
  147  9:01  High Templar x2  
  154  9:03  Pylon  
  154  9:08  Archon  
  154  9:10  Probe  
  154  9:15  High Templar x2  
  154  9:16  Zealot x2  
  161  9:17  Gateway  
  161  9:21  Archon  
  161  9:22  Void Ray  
  161  9:23  Gateway  
  161  9:27  Shield Battery  
  161  9:28  Shield Battery  
  165  9:39  Stalker x5  
  165  9:40  Zealot  
  171  9:49  Probe  
  171  9:51  Zealot x2  
  160  9:55  Probe  
  160  9:57  Probe x2  
  153  10:04  Fleet Beacon  
  153  10:08  Stargate, Probe  
  153  10:09  Phoenix  
  153  10:11  Probe  
  157  10:18  Assimilator  
  157  10:22  Assimilator, Photon Cannon  
  157  10:24  Photon Cannon  
  157  10:25  Zealot x2, High Templar x2  
  165  10:29  Photon Cannon  
  165  10:32  Shield Battery, Archon  
  165  10:34  Shield Battery  
  165  10:36  Photon Cannon  
  165  10:38  Protoss Air Weapons Level 1, Mothership  
  165  10:51  Immortal  
  173  10:57  Protoss Ground Weapons Level 3  
  177  11:05  Pylon  
  177  11:10  Zealot x4  
  177  11:11  Zealot x4  
  191  11:24  Warp Prism  
  191  11:28  Carrier  
  187  11:33  Carrier  
  187  11:37  Zealot  
  187  11:38  Zealot  
  199  11:45  Gravitic Drive  
  199  12:11  Nexus  
  199  12:14  Assimilator  
  199  12:15  Assimilator  
  199  12:16  Pylon  
  195  12:24  Carrier  
  195  12:27  High Templar x4  
  195  12:28  High Templar  
  193  12:31  High Templar  
  193  12:32  Archon x2  
  189  12:43  Photon Cannon  
  187  12:45  Photon Cannon  
  187  12:47  Photon Cannon  
  187  12:48  Photon Cannon  
  187  12:50  Photon Cannon, Archon  
  187  12:53  Zealot x4  
  195  12:59  Zealot x2  
  195  13:03  Protoss Air Weapons Level 2  
  194  13:07  Zealot x4  
  183  13:18  Warp Prism  
  169  13:20  Carrier  
  177  13:39  High Templar x3  
  177  13:40  Zealot x6, High Templar  
  197  13:44  Archon  
  193  13:55  Photon Cannon  
  193  13:58  Pylon  
  193  14:00  Photon Cannon  
  193  14:06  Protoss Shields Level 1  
  193  14:09  Carrier  
  199  14:13  Stargate  
  199  14:38  Carrier  
  185  14:47  High Templar  
  185  14:50  Zealot  
  185  14:51  Zealot x3  
  189  15:06  Warp Prism  
  185  15:07  Void Ray  
  185  15:08  Zealot  
  185  15:09  Zealot x4  
  185  15:10  Protoss Air Weapons Level 3  
  191  15:18  Zealot  
  191  15:19  Zealot x3  
  193  15:26  High Templar, Carrier  
  195  15:30  Zealot x2  
  199  15:42  Observer  
  192  15:46  Zealot x7  
  200  16:02  Zealot x2  
  200  16:20  Zealot  
  200  16:22  Zealot x3  
  190  16:42  High Templar x4  
  198  17:00  Zealot  
  191  17:09  Oracle  
  191  17:11  Carrier  
  191  17:13  Warp Prism  
  196  17:24  Nexus  
  196  17:26  Pylon  
  198  17:40  Dark Shrine  
  196  17:49  Observer  
  185  18:29  Zealot x7  
  173  18:52  Zealot x10  
Show
View Real Time Build Order
Export as new Build Order

Starbuck Zerg 

Build Orders: Hatch First, Lurkers, Roach Hydra 

Get SALT Encoding   

  12  0:00  Drone  
  13  0:12  Overlord  
  13  0:17  Drone  
  14  0:30  Drone x2  
  16  0:49  Hatchery  
  15  0:52  Drone  
  15  0:56  Drone  
  17  1:00  Drone  
  18  1:14  Spawning Pool  
  18  1:16  Extractor  
  17  1:18  Drone  
  17  1:23  Drone  
  18  1:28  Drone  
  19  1:39  Drone  
  20  1:49  Overlord  
  20  2:00  Queen  
  22  2:02  Queen  
  22  2:03  Zergling x4  
  26  2:10  Drone  
  26  2:13  Drone  
  28  2:21  Drone  
  29  2:26  Drone  
  30  2:33  Drone  
  31  2:39  Lair  
  31  2:41  Queen, Drone  
  31  2:42  Overlord  
  34  2:45  Drone  
  35  2:54  Zergling x2  
  36  3:01  Drone  
  36  3:05  Drone  
  38  3:07  Drone  
  38  3:08  Drone  
  38  3:09  Drone x2  
  41  3:16  Overlord  
  41  3:17  Drone x2  
  41  3:19  Overlord  
  43  3:20  Extractor  
  43  3:23  Drone  
  43  3:27  Overlord  
  43  3:28  Extractor  
  43  3:31  Metabolic Boost  
  43  3:33  Queen  
  44  3:35  Drone  
  44  3:39  Drone  
  46  3:45  Drone  
  47  3:50  Drone x6  
  53  3:57  Hydralisk Den  
  52  4:03  Spore Crawler  
  49  4:10  Spore Crawler  
  49  4:15  Drone x2  
  50  4:18  Drone x2  
  52  4:30  Evolution Chamber  
  52  4:31  Drone  
  52  4:32  Hatchery, Drone  
  52  4:37  Muscular Augments  
  52  4:40  Extractor  
  51  4:45  Overlord  
  51  4:46  Drone x3  
  54  4:57  Zerg Missile Weapons Level 1  
  54  4:59  Hydralisk x3  
  60  5:08  Nydus Network  
  60  5:12  Drone  
  59  5:18  Drone x6  
  59  5:19  Drone  
  66  5:21  Drone  
  66  5:26  Spore Crawler  
  66  5:32  Overlord  
  66  5:34  Drone  
  66  5:35  Drone  
  66  5:39  Roach Warren  
  66  5:40  Hydralisk  
  67  5:45  Drone  
  67  5:48  Zergling x2  
  70  5:50  Overlord, Drone x2  
  70  5:52  Grooved Spines  
  70  5:54  Hydralisk  
  70  5:55  Hydralisk  
  76  5:57  Hydralisk  
  76  6:00  Overlord  
  76  6:03  Hydralisk  
  80  6:06  Hydralisk  
  80  6:10  Hydralisk  
  84  6:12  Hydralisk  
  84  6:18  Drone x3  
  86  6:23  Glial Reconstitution  
  86  6:24  Overlord  
  88  6:26  Roach x3  
  88  6:28  Roach  
  88  6:30  Drone  
  88  6:31  Overlord  
  97  6:35  Overseer  
  97  6:36  Overlord  
  97  6:43  Pneumatized Carapace  
  97  6:44  Drone  
  97  6:45  Overlord, Drone  
  97  6:46  Hydralisk  
  99  6:47  Roach  
  99  6:51  Overlord  
  103  6:55  Zerg Missile Weapons Level 2  
  103  7:02  Spore Crawler, Drone  
  103  7:03  Extractor, Drone x4  
  103  7:04  Extractor, Drone x2  
  103  7:05  Drone  
  108  7:10  Zergling x2, Drone  
  110  7:20  Hatchery  
  110  7:21  Hydralisk x2, Overlord  
  113  7:26  Overlord  
  113  7:27  Overseer  
  113  7:31  Hydralisk x2  
  113  7:32  Roach  
  113  7:35  Roach x2  
  123  7:37  Roach  
  123  7:40  Roach  
  123  7:42  Ravager  
  128  7:46  Overlord  
  128  7:58  Overlord  
  128  8:03  Hydralisk  
  128  8:04  Hydralisk, Roach  
  128  8:05  Roach x2  
  138  8:06  Hydralisk x2  
  138  8:07  Roach x2  
  138  8:08  Overlord x2  
  138  8:10  Overlord  
  146  8:14  Roach  
  148  8:20  Spire  
  147  8:37  Drone x5  
  147  8:38  Drone x3  
  147  8:39  Drone  
  147  8:40  Overseer  
  156  8:49  Hydralisk x5  
  156  8:52  Hydralisk x2  
  156  8:53  Roach x2, Drone  
  156  8:54  Drone x3  
  178  8:56  Ravager x3  
  178  8:57  Ravager  
  178  9:02  Hydralisk, Lurker Den  
  184  9:03  Roach x2  
  185  9:11  Overlord  
  185  9:12  Zerg Ground Armor Level 1  
  185  9:17  Extractor x2  
  185  9:19  Drone  
  185  9:20  Drone x5  
  185  9:23  Overlord  
  189  9:27  Infestation Pit  
  186  9:37  Roach  
  186  9:38  Roach x4  
  188  9:47  Roach  
  188  9:48  Roach x7  
  193  9:59  Corruptor x5  
  187  10:11  Hatchery  
  186  10:14  Overlord x2  
  186  10:23  Spore Crawler  
  186  10:25  Hive  
  186  10:26  Spore Crawler  
  186  10:27  Spore Crawler  
  183  10:28  Lurker x5  
  183  10:32  Zergling x4  
  190  10:38  Queen  
  192  10:42  Corruptor  
  192  10:43  Corruptor x2  
  198  10:58  Extractor  
  198  11:02  Extractor  
  195  11:07  Corruptor x3  
  198  11:16  Evolution Chamber  
  197  11:31  Lurker  
  192  11:35  Lurker x2  
  192  11:36  Lurker  
  187  11:42  Adaptive Talons, Greater Spire, Zerg Missile Weapons Level 3  
  187  11:44  Lurker  
  184  11:47  Drone x3  
  184  11:48  Drone x3  
  184  12:00  Spine Crawler  
  184  12:01  Spore Crawler x3  
  182  12:02  Spore Crawler  
  182  12:03  Corruptor  
  182  12:04  Corruptor x3  
  187  12:11  Drone x3  
  190  12:19  Spore Crawler  
  190  12:20  Spore Crawler x2  
  190  12:21  Zerg Ground Armor Level 2  
  187  12:23  Drone  
  188  12:36  Drone x3  
  187  12:39  Pathogen Glands, Queen  
  187  12:54  Hatchery  
  186  13:00  Spire  
  186  13:01  Lurker x2  
  185  13:06  Hydralisk x8  
  188  13:24  Hydralisk  
  188  13:25  Hydralisk x5  
  195  13:51  Infestor x2  
  195  13:54  Spire  
  198  14:06  Overlord  
  198  14:09  Overseer x2  
  196  14:26  Zerg Melee Weapons Level 1  
  182  14:46  Infestor x5  
  182  14:51  Drone x3  
  182  14:52  Drone x3  
  177  15:19  Hydralisk x5  
  177  15:27  Lurker x3  
  180  15:31  Spire  
  180  15:32  Spire  
  180  15:33  Zerg Flyer Weapons Level 1  
  174  15:38  Queen  
  174  15:40  Spore Crawler  
  174  15:41  Spore Crawler  
  174  15:42  Spore Crawler  
  173  15:44  Neural Parasite  
  173  15:46  Infestor x7  
  181  16:03  Drone x3  
  184  16:04  Drone  
  185  16:13  Overlord, Viper x2  
  185  16:15  Corruptor x2  
  195  16:25  Drone x2  
  186  16:30  Drone x2  
  180  16:48  Greater Spire  
  177  16:57  Extractor  
  177  17:01  Extractor  
  173  17:20  Infestor  
  173  17:21  Infestor, Corruptor  
  173  17:22  Corruptor x3  
  185  17:23  Overlord x2  
  185  17:24  Overseer  
  185  17:31  Drone x4  
  185  17:32  Overlord x2, Spine Crawler  
  185  17:33  Spore Crawler  
  185  17:36  Hatchery  
  184  17:52  Spore Crawler  
  184  17:53  Spore Crawler x3  
  184  17:54  Spore Crawler  
  184  17:55  Spore Crawler, Drone  
  184  17:56  Spore Crawler, Drone  
  184  17:57  Spore Crawler  
  178  17:59  Spore Crawler  
  178  18:03  Brood Lord  
  178  18:04  Brood Lord  
  178  18:05  Brood Lord x2  
  185  18:06  Brood Lord  
  164  18:21  Corruptor x8  
  177  18:32  Spore Crawler  
  177  18:33  Spore Crawler x2  
Tags
 
Add a new tag
Caveats
  • Supply blocks, unpowered buildings, or Contaminate may cause inaccurate times.
  • Supply counts are checked every 10 seconds.